Map: Acid Plant LE

Players

Stats - Winner!

  • Race: Protoss Protoss
  • League: Master
  • Spawn Location: 11:00

Elazer

  • Race: Zerg Zerg
  • Spawn Location: 5:00

Event: Memes & Dreams Invitational

VOD

Have the link to the VOD?

Description

Time

  • Played on: April 14, 2018, 11:22 p.m.
  • Length: 18:06

All games in this series

Show
View Real Time Build Order
Export as new Build Order

Stats Protoss - Winner!

Build Orders: 1 Gate Expand, Oracle Opening, Phoenix Opening, Archon Immortal, Carriers, Zealot Archon, Archon Drop 

Get SALT Encoding   

  12  0:00  Probe  
  13  0:13  Probe  
  14  0:20  Pylon  
  14  0:25  Probe  
  15  0:38  Probe (Chrono Boost)  
  16  0:44  Gateway  
  16  0:47  Probe (Chrono Boost), Assimilator  
  17  0:52  Probe  
  18  1:04  Probe  
  19  1:16  Probe  
  20  1:25  Nexus  
  20  1:34  Cybernetics Core  
  20  1:38  Probe  
  21  1:45  Assimilator  
  21  1:50  Probe  
  21  1:52  Pylon  
  22  2:02  Probe  
  23  2:09  Adept (Chrono Boost)  
  23  2:14  Probe  
  26  2:20  Stargate  
  26  2:27  Probe (Chrono Boost), Adept (Chrono Boost)  
  29  2:35  Warp Gate  
  29  2:37  Probe (Chrono Boost)  
  31  2:45  Probe (Chrono Boost)  
  31  2:46  Probe (Chrono Boost)  
  31  2:48  Adept  
  35  2:51  Probe (Chrono Boost)  
  35  2:53  Probe  
  36  3:03  Probe  
  36  3:04  Phoenix (Chrono Boost)  
  36  3:05  Probe  
  40  3:09  Pylon  
  40  3:16  Probe  
  40  3:17  Probe  
  42  3:26  Oracle (Chrono Boost)  
  42  3:31  Probe x2  
  47  3:37  Assimilator x2  
  47  3:43  Robotics Facility  
  47  3:44  Probe  
  47  3:45  Probe  
  49  3:57  Probe x2  
  51  4:03  Twilight Council  
  51  4:08  Pylon  
  51  4:09  Probe x2  
  53  4:15  Gateway x2  
  53  4:16  Gateway  
  53  4:21  Probe  
  54  4:24  Pylon  
  54  4:26  Probe  
  54  4:30  Warp Prism (Chrono Boost)  
  57  4:42  Templar Archives  
  57  4:48  Pylon  
  57  4:49  Probe x2  
  57  4:50  Zealot  
  61  5:04  Nexus  
  61  5:05  Observer  
  62  5:10  Pylon  
  62  5:15  Probe x2, Forge  
  62  5:18  High Templar  
  62  5:19  High Templar x2  
  70  5:24  Archon  
  70  5:26  Pylon, High Templar  
  70  5:28  Probe x2, Pylon  
  74  5:29  Archon  
  74  5:34  Immortal (Chrono Boost)  
  74  5:40  Probe x2  
  79  5:52  Probe x2  
  81  6:04  Probe x2  
  81  6:06  Immortal  
  81  6:07  Forge, Protoss Ground Weapons Level 1 (Chrono Boost)  
  87  6:13  Charge  
  87  6:16  Probe, Gateway  
  88  6:23  Gateway  
  88  6:25  Gateway  
  88  6:26  Probe x2  
  88  6:27  Gateway  
  88  6:28  Probe  
  88  6:31  Zealot x2  
  95  6:34  Zealot  
  90  6:41  Warp Prism  
  90  6:45  Psionic Storm  
  81  6:49  Probe x3  
  81  6:53  Zealot, High Templar x2  
  90  6:56  Zealot  
  90  6:57  Archon  
  92  7:02  Probe x3, Gateway  
  92  7:06  Assimilator  
  95  7:10  Assimilator  
  95  7:11  Immortal  
  95  7:17  Probe x2  
  95  7:18  Probe  
  102  7:27  Photon Cannon  
  102  7:31  Zealot x3  
  102  7:32  Zealot x3  
  113  7:39  Protoss Ground Weapons Level 2 (Chrono Boost)  
  113  7:43  High Templar x2  
  117  7:54  Photon Cannon  
  117  7:56  Pylon  
  117  7:57  Pylon x2  
  117  7:59  Archon  
  117  8:00  Pylon  
  115  8:07  Probe  
  115  8:08  Probe  
  117  8:14  Probe  
  117  8:18  Immortal, Nexus  
  117  8:19  High Templar x2  
  126  8:20  High Templar x2  
  126  8:22  Pylon  
  126  8:25  Probe x2  
  126  8:26  Probe  
  132  8:39  Photon Cannon  
  132  8:40  High Templar x2  
  136  8:43  Photon Cannon, Nexus  
  136  8:45  Pylon  
  136  8:46  Probe x3  
  139  8:50  Assimilator  
  139  8:55  Immortal (Chrono Boost), Assimilator  
  143  9:03  Zealot x4  
  143  9:04  Zealot x2  
  155  9:13  Shield Battery  
  155  9:14  Shield Battery, High Templar x2  
  157  9:32  Zealot, High Templar x2  
  157  9:33  Zealot  
  155  9:39  Pylon  
  155  9:40  Pylon  
  155  9:42  Pylon  
  155  9:43  Fleet Beacon  
  155  9:45  Protoss Ground Weapons Level 3 (Chrono Boost)  
  155  9:53  Zealot x5  
  157  10:01  Zealot  
  155  10:12  Zealot  
  155  10:13  Zealot x5  
  160  10:25  Mothership (Chrono Boost)  
  160  10:27  Immortal (Chrono Boost)  
  158  10:37  Zealot x7  
  164  10:49  Probe x2  
  152  11:01  Probe, Zealot x7  
  152  11:02  Zealot  
  159  11:12  Zealot  
  153  11:22  Archon x2, High Templar x3  
  153  11:23  High Templar  
  153  11:24  Zealot x4  
  144  11:40  Archon  
  144  11:44  High Templar x2  
  144  11:45  High Templar  
  144  11:46  High Templar x2  
  137  11:48  Photon Cannon  
  137  11:49  Photon Cannon  
  137  11:50  Photon Cannon  
  137  11:51  Photon Cannon  
  131  11:57  High Templar  
  131  11:58  Zealot x2, High Templar  
  131  11:59  Carrier (Chrono Boost)  
  139  12:02  Stargate  
  139  12:04  Stargate  
  139  12:05  Archon  
  145  12:20  Archon  
  145  12:30  Gateway  
  145  12:32  Gateway  
  145  12:37  Photon Cannon  
  145  12:39  Photon Cannon  
  145  12:46  Gateway  
  145  12:48  Carrier x2 (Chrono Boost)  
  147  13:09  Archon, Carrier  
  151  13:14  Archon  
  151  13:21  Graviton Catapult (Chrono Boost), High Templar x2  
  151  13:22  High Templar x2  
  151  13:26  Archon x2  
  147  13:50  Probe x2  
  147  13:51  Probe x2  
  147  13:52  Zealot x3  
  132  14:02  Probe  
  133  14:03  Probe x3, Observer (Chrono Boost)  
  133  14:09  Pylon  
  137  14:14  Probe  
  137  14:15  High Templar x3  
  144  14:17  High Templar  
  144  14:18  High Templar x2  
  144  14:22  Pylon  
  150  14:24  Protoss Shields Level 1, Archon  
  150  14:26  High Templar  
  150  14:27  Zealot, High Templar, Warp Prism (Chrono Boost)  
  158  14:32  Protoss Air Weapons Level 1 (Chrono Boost)  
  158  14:38  Archon  
  158  14:48  Zealot x4  
  166  14:57  Carrier x3 (Chrono Boost)  
  184  15:13  Pylon, Nexus  
  184  15:17  Gateway  
  184  15:31  Nexus  
  184  15:38  High Templar x4  
  184  15:39  Zealot x4  
  198  15:45  Archon x2  
  191  16:12  Photon Cannon x2  
  191  16:20  High Templar x4  
  195  16:31  Archon  
  191  16:34  Photon Cannon  
  191  16:35  Photon Cannon  
  191  16:37  Shield Battery  
  191  16:38  Shield Battery  
  189  16:50  Observer  
  189  16:51  High Templar x2  
  194  17:13  Archon  
  188  17:15  Zealot x5  
  188  17:16  Zealot  
Show
View Real Time Build Order
Export as new Build Order

Elazer Zerg 

Build Orders: Hatch First 

Get SALT Encoding   

  12  0:00  Drone  
  13  0:12  Overlord  
  13  0:17  Drone  
  14  0:30  Drone x2  
  16  0:47  Hatchery  
  15  0:50  Drone  
  15  0:54  Drone  
  17  0:57  Drone  
  18  1:08  Extractor  
  17  1:13  Spawning Pool  
  17  1:18  Drone  
  17  1:21  Drone  
  18  1:28  Drone  
  19  1:41  Drone  
  20  1:49  Overlord  
  20  1:59  Queen x2  
  20  2:00  Zergling x2  
  25  2:01  Zergling x2  
  26  2:12  Metabolic Boost  
  26  2:14  Drone x2  
  28  2:21  Drone  
  28  2:22  Drone  
  30  2:31  Drone  
  30  2:33  Drone  
  32  2:41  Hatchery  
  31  2:45  Overlord  
  31  2:47  Zergling x2  
  32  2:53  Zergling x4  
  32  2:57  Queen  
  36  3:10  Drone x3  
  39  3:13  Drone x2  
  39  3:14  Overlord  
  39  3:15  Drone  
  41  3:26  Drone x2  
  42  3:28  Drone  
  42  3:30  Drone  
  43  3:34  Drone  
  43  3:35  Queen  
  43  3:40  Overlord  
  46  3:49  Spore Crawler  
  46  3:50  Spore Crawler  
  46  3:52  Evolution Chamber  
  46  3:54  Drone x5  
  48  4:06  Drone x3, Overlord  
  48  4:07  Drone x3  
  54  4:10  Spore Crawler  
  53  4:18  Zerg Melee Weapons Level 1  
  53  4:20  Queen  
  55  4:24  Drone x2  
  57  4:32  Drone x5  
  57  4:36  Overlord  
  57  4:38  Drone  
  63  4:42  Drone  
  63  4:45  Drone, Baneling Nest  
  64  4:47  Drone  
  65  4:53  Overlord  
  65  4:56  Drone x4  
  71  5:00  Lair  
  71  5:06  Overlord  
  69  5:07  Extractor x2, Drone x3  
  69  5:09  Queen  
  69  5:11  Queen  
  74  5:15  Overlord  
  74  5:18  Drone x2  
  74  5:19  Drone  
  77  5:25  Hatchery  
  77  5:28  Spine Crawler  
  75  5:33  Zergling x14  
  81  5:44  Zergling x2  
  81  5:45  Zergling x16  
  81  5:46  Queen  
  81  5:49  Queen  
  92  5:59  Overlord  
  92  6:03  Overlord  
  86  6:07  Zergling x10  
  86  6:10  Centrifical Hooks  
  90  6:12  Zerg Melee Weapons Level 2  
  90  6:16  Extractor  
  90  6:17  Extractor  
  88  6:22  Drone x6  
  88  6:24  Zergling x6  
  98  6:25  Zergling x2  
  98  6:27  Baneling x3  
  98  6:29  Hatchery  
  86  6:45  Zergling x16  
  86  6:46  Zergling x6  
  95  6:58  Drone x5  
  95  7:01  Drone x4  
  102  7:06  Hydralisk Den  
  102  7:07  Extractor  
  101  7:09  Drone x3  
  101  7:10  Drone  
  101  7:11  Drone x5  
  110  7:25  Zergling x10  
  114  7:38  Hydralisk x2, Muscular Augments  
  114  7:40  Overlord x4  
  117  7:58  Hatchery  
  117  8:01  Hydralisk x6  
  124  8:10  Hydralisk  
  124  8:11  Hydralisk x8  
  124  8:12  Overseer  
  142  8:13  Hydralisk x3  
  142  8:14  Overlord  
  142  8:18  Zergling x2  
  148  8:28  Baneling  
  148  8:29  Baneling x9  
  148  8:33  Zergling x10  
  148  8:34  Zergling x18  
  154  8:38  Zerg Missile Weapons Level 1  
  154  8:41  Zergling x6  
  157  8:43  Overlord x3  
  157  8:50  Grooved Spines  
  157  8:53  Hydralisk x2  
  156  9:00  Overlord x2  
  156  9:03  Hydralisk x6  
  156  9:05  Zergling x2  
  169  9:14  Zergling x8  
  169  9:15  Zergling x4  
  172  9:27  Zergling x2  
  172  9:28  Zergling x16  
  181  9:38  Zergling x34  
  182  9:39  Zergling x6  
  182  9:40  Zergling x4  
  197  9:46  Baneling x11  
  197  9:47  Baneling x3  
  197  9:49  Baneling x3  
  197  9:50  Baneling x2  
  197  9:56  Zergling x8  
  194  10:06  Zergling x14  
  194  10:18  Baneling x16  
  194  10:19  Baneling x5  
  188  10:25  Zergling x2  
  188  10:26  Zergling x20  
  199  10:31  Baneling  
  199  10:32  Baneling x8  
  192  10:46  Hydralisk x5  
  192  10:48  Zergling x2  
  165  11:04  Hydralisk x8  
  165  11:05  Hydralisk x2  
  165  11:07  Zergling x2  
  165  11:08  Zergling x22  
  195  11:11  Baneling x4  
  195  11:13  Zergling x6  
  160  11:27  Hydralisk x5  
  160  11:28  Zergling x10  
  160  11:34  Baneling x5  
  160  11:39  Hydralisk x2  
  158  11:40  Zergling x10  
  158  11:41  Zergling x2  
  153  11:51  Hydralisk x4  
  153  11:54  Zergling x10  
  160  12:02  Baneling x6  
  160  12:06  Zergling x12  
  166  12:20  Baneling  
  166  12:21  Baneling x12  
  166  12:22  Zergling x18  
  160  12:31  Overseer  
  160  12:32  Overseer  
  160  12:35  Zergling x2  
  160  12:36  Zergling x22  
  166  12:44  Hydralisk x5  
  159  12:49  Overseer  
  167  12:54  Hydralisk x2  
  171  12:59  Hydralisk x2  
  171  13:00  Zergling x16  
  177  13:17  Zergling x18  
  176  13:21  Baneling  
  176  13:22  Baneling x13  
  176  13:24  Zergling x18  
  171  13:41  Hydralisk x6  
  135  13:47  Drone  
  142  13:51  Hydralisk x3  
  113  13:58  Hydralisk x2  
  113  14:01  Zergling x2  
  113  14:02  Zergling x22  
  120  14:08  Hydralisk x2  
  124  14:10  Overseer  
  124  14:12  Zergling x4  
  126  14:18  Zerg Ground Armor Level 1  
  126  14:24  Hydralisk x2  
  126  14:26  Zergling x6  
  126  14:27  Zergling x8  
  126  14:30  Hydralisk, Hatchery  
  126  14:31  Hydralisk  
  138  14:35  Overseer  
  138  14:37  Overseer  
  140  14:38  Extractor  
  140  14:39  Drone x3  
  140  14:41  Drone x4  
  146  14:49  Hydralisk x4  
  150  14:56  Zergling x12  
  150  14:59  Baneling  
  154  15:00  Baneling x5  
  154  15:07  Drone x3, Extractor, Infestation Pit  
  154  15:09  Drone  
  154  15:10  Drone x2  
  158  15:15  Overseer  
  158  15:16  Pneumatized Carapace  
  158  15:18  Baneling  
  158  15:19  Baneling x2  
  158  15:25  Baneling  
  158  15:26  Baneling x3  
  158  15:27  Zergling x2  
  158  15:28  Zergling x22  
  170  15:42  Hatchery  
  169  15:47  Infestor x2  
  169  15:48  Infestor  
  174  15:53  Infestor  
  149  16:13  Hydralisk x5, Zergling x2  
  149  16:14  Zergling x24  
  170  16:21  Overlord x4  
  167  16:30  Zergling x6  
  169  16:33  Neural Parasite  
  157  16:49  Baneling x6  
  157  16:52  Infestor x2  
  163  16:58  Zergling x2  
  163  16:59  Zergling x30  
  179  17:04  Overseer  
  179  17:13  Zergling x2  
  179  17:14  Zergling x16  
  165  17:19  Hydralisk x9  
  165  17:21  Zergling x10  
  165  17:22  Zergling x12  
  192  17:29  Spore Crawler  
  191  17:30  Spore Crawler  
  191  17:31  Spore Crawler  
  191  17:33  Spore Crawler  
  191  17:36  Baneling x3  
  191  17:37  Baneling x14  
  188  17:40  Baneling x6  
Tags
 
Add a new tag
Caveats
  • Supply blocks, unpowered buildings, or Contaminate may cause inaccurate times.
  • Supply counts are checked every 10 seconds.